 Dungeon Crawl Stone Soup version 0.29-a0-11-ga75d3d97ab (webtiles) character file.

Game seed: 8027114248698871090

112 issech the Cudgeller (level 4, -1/45 HPs)
             Began as a Troll Monk on Jan 29, 2022.
             Slain by an orc (4 damage)
             ... on level 4 of the Dungeon.
             The game lasted 00:06:47 (2260 turns).

issech the Cudgeller (Troll Monk)                   Turns: 2260, Time: 00:06:48

Health: -1/45      AC:  4    Str: 19    XL:     4   Next: 63%
Magic:  3/3        EV: 10    Int:  6    God:
Gold:   95         SH:  0    Dex: 14    Spells: 3/3 levels left

rFire   . . .      SeeInvis .   a - +0 mace
rCold   . . .      Faith    .   (no shield)
rNeg    . . .      Spirit   .   b - +0 robe
rPois   .          Reflect  .   (helmet restricted)
rElec   .          Harm     .   (no cloak)
rCorr   .          Rampage  .   (gloves unavailable)
Will    .....                   (boots unavailable)
Stlth   ++........              (no amulet)
HPRegen 0.95/turn               (no ring)
MPRegen 0.08/turn               (no ring)

@: no status effects
A: large, unfitting armour, claws 3, regeneration 1, shaggy fur 1, tough skin 1
a: no special abilities


You were on level 4 of the Dungeon.
You visited 1 branch of the dungeon, and saw 4 of its levels.

You collected 95 gold pieces.

Inventory:

Hand Weapons
 a - a +0 mace (weapon)
 n - a +0 war axe
 o - a +1 hand axe of venom
Missiles
 d - 6 poisoned darts (quivered)
 e - 191 stones
 m - 21 sling bullets
Armour
 b - a +0 robe (worn)
Magical Staves
 h - a staff of poison
Scrolls
 c - 3 scrolls of identify {unknown}
 j - a scroll of vulnerability {unknown}
 p - a scroll of enchant armour {unknown}
 r - a scroll of noise {unknown}
 s - 2 scrolls of silence {unknown}
Potions
 f - 2 potions of flight {unknown}
 g - a potion of attraction {unknown}
 i - 2 potions of degeneration {unknown}
 k - a potion of mutation {unknown}
 l - 2 potions of curing {unknown}
 q - a potion of heal wounds {unknown}
 t - a potion of might {unknown}
 u - a potion of ambrosia {unknown}


   Skills:
 + Level 3.0 Fighting
 + Level 3.7 Maces & Flails
 + Level 3.1 Dodging
 + Level 1.2 Stealth


You had 3 spell levels left.
You didn't know any spells.
Your spell library contained the following spells:

 Spells                   Type           Power      Damage    Failure   Level
 Gell's Gravitas          Tloc           0%         N/A       83%         3
 Lesser Beckoning         Tloc           0%         N/A       83%         3
 Teleport Other           Tloc           0%         N/A       83%         3
 Cause Fear               Hex            0%         N/A       99%         4
 Dragon Form              Tmut           0%         N/A       100%        7
 Borgnjor's Revivificati  Necr           0%         N/A       100%        8
 Necromutation            Tmut/Necr      0%         N/A       100%        8
 Death's Door             Necr           0%         N/A       100%        9
 Dragon's Call            Summ           0%         N/A       100%        9


Dungeon Overview and Level Annotations

Branches:
Dungeon (4/15)
 Temple: D:4-7

Altars:


Innate Abilities, Weirdness & Mutations

You are too large for most types of armour.
You have claws for hands.
Your natural rate of healing is unusually fast.
You are covered in fur. (AC +1)
You have tough skin. (AC +1)


Message History

You hit the orc.
The orc is almost dead.
The orc hits you with a +2 whip of flaming.
The orc burns you. The orc hits you with a +0 club.
You hit the orc.
You kill the orc!
A ball python comes into view.
The orc hits you with a +0 club.
You hit the orc.
You kill the orc!
You hit the orc but do no damage. The orc completely misses you.
The orc barely misses you.
The orc priest invokes the aid of Beogh against you.
Beogh smites you!
You hit the orc.
The orc is lightly wounded.
The orc barely misses you. x2
You barely miss the orc.
The orc is lightly wounded.
The orc hits you but does no damage. The orc hits you with a +0 club.
* * * LOW HITPOINT WARNING * * *
The orc hits you with a +0 club.
* * * LOW HITPOINT WARNING * * *
The orc hits you with a +0 club.
* * * LOW HITPOINT WARNING * * *
You closely miss the orc.
The orc is lightly wounded.
The orc priest looks braver for a moment.
The orc hits you but does no damage. The orc hits you with a +0 club.
* * * LOW HITPOINT WARNING * * *
The orc priest looks braver for a moment.
You hit the orc.
The orc is heavily wounded.
The orc barely misses you. The orc hits you with a +0 club.
* * * LOW HITPOINT WARNING * * *
Unknown command.
You hit the orc.
The orc is almost dead.
The orc hits you with a +0 club.
You die...

#.#
##.#####.####
............#
########.##.#
####...#.#
#....#<..#
##.##...#.#
#...##o##.#
#.#Soo@# #
#...####
##.## ....
.o...##
#..o...#
^.......
(#......
##...#.


You could see an orc priest, 2 orcs and a ball python.

Vanquished Creatures
  A hound (D:2)
  4 adders
  7 orcs
  An endoplasm (D:3)
  5 goblins
  6 hobgoblins
  7 ball pythons
  2 bats (D:1)
  A frilled lizard (D:3)
  6 kobolds
  3 rats
43 creatures vanquished.

Notes
Turn   | Place    | Note
-------+----------+-------------------------------------------
     0 | D:1      | issech the Troll Monk began the quest for the Orb.
     0 | D:1      | Reached XP level 1. HP: 22/22 MP: 0/0
   201 | D:1      | Reached XP level 2. HP: 29/29 MP: 1/1
   727 | D:2      | Reached XP level 3. HP: 22/36 MP: 2/2
   887 | D:2      | Reached XP level 4. HP: 44/44 MP: 3/3
  1359 | D:2      | Found a faded altar of an unknown god.
  2259 | D:4      | HP: 2/45 [orc (4)]
  2260 | D:4      | Slain by an orc

Illustrated notes

Levels and vault maps discovered:
D:1:      nzn_arrival_crosshair, layout_rooms, minmay_tetromino_l2
D:2:      layout_basic, dreamdust_ecumenical_altar_statues
D:3:      layout_rooms, nrook_loot_triangle
D:4:      layout_loops_ring, mainiacjoe_overflow_small_starburst,
          chequers_serial_rivers_micro_d

Skill      XL: |  1  2  3  4 |
---------------+-------------+-----
Maces & Flails | 3 |  3.7
Dodging        | 3 |  3.1
Fighting       | 3 |  3.0
Stealth        | |  1.2

Action                   |  1- 3 |  4- 6 || total
-------------------------+-------+-------++-------
Melee: Mace              |    70 |    82 ||   152
       Punch             |       |     1 ||     1
 Stab: Sleeping          |     2 |     1 ||     3
Armor: Robe              |    29 |    22 ||    51
Dodge: Dodged            |    51 |    44 ||    95

Table legend: (Time is in decaauts)
 A = Elapsed time spent in this place.
 B = Non-inter-level travel time spent in this place.
 C = Inter-level travel time spent in this place.
 D = Time resting spent in this place.
 E = Time spent auto-exploring this place.
 F = Levels seen in this place.
 G = Mean time per level.
                   A        B        C        D        E       F      G
               +--------+--------+--------+--------+--------+-----+--------+
         Total |   2296 |   2287 |      9 |     53 |    886 |   4 |  574.0 |
       Dungeon |   2296 |   2287 |      9 |     53 |    886 |   4 |  574.0 |
               +--------+--------+--------+--------+--------+-----+--------+

Top non-repeatable levels by time:
     D:2: 1003 daAuts
     D:3: 698 daAuts
     D:1: 552 daAuts
     D:4: 41 daAuts
